Map: 로스트 앤 파운드 - 래더

Players

LiquidSnute (Snute) - Winner!

  • Race: Zerg Zerg
  • League: Grandmaster
  • Spawn Location: 1:00

PartinG

  • Race: Protoss Protoss
  • Spawn Location: 7:00

Event: HomeStory Cup XVII

VOD

Have the link to the VOD?

Description

Time

  • Played on: June 29, 2018, 5:22 p.m.
  • Length: 12:34

All games in this series

Show
View Real Time Build Order
Export as new Build Order

LiquidSnute Zerg - Winner!

Build Orders: Hatch First, Lurkers 

Get SALT Encoding   

  12  0:00  Drone  
  13  0:12  Overlord  
  13  0:17  Drone  
  14  0:30  Drone x2  
  14  0:34  Drone  
  17  0:51  Hatchery  
  17  0:54  Drone  
  18  0:57  Drone  
  18  1:01  Extractor  
  17  1:12  Spawning Pool  
  17  1:15  Drone  
  18  1:18  Drone  
  18  1:28  Drone  
  19  1:38  Overlord  
  19  1:49  Drone  
  20  1:58  Queen  
  22  2:02  Queen  
  22  2:03  Metabolic Boost  
  22  2:04  Zergling x2  
  22  2:07  Zergling x2  
  26  2:10  Drone  
  26  2:13  Drone  
  28  2:21  Drone  
  29  2:24  Drone  
  30  2:34  Zergling x2  
  30  2:36  Hatchery  
  30  2:38  Zergling x2  
  31  2:45  Overlord  
  31  2:46  Drone  
  32  2:52  Queen  
  32  2:55  Zergling x2  
  35  2:59  Drone  
  35  3:05  Drone  
  37  3:07  Drone x4  
  41  3:16  Overlord  
  40  3:21  Zergling x2  
  41  3:28  Drone  
  41  3:32  Drone  
  41  3:33  Queen  
  44  3:41  Zergling x4  
  46  3:42  Drone x2  
  46  3:47  Overlord  
  48  3:48  Queen  
  48  3:50  Drone  
  48  3:51  Drone  
  48  3:55  Evolution Chamber  
  51  4:04  Overlord  
  51  4:06  Drone x4  
  51  4:07  Drone  
  51  4:08  Drone x2  
  58  4:10  Spore Crawler  
  58  4:12  Drone  
  58  4:13  Spore Crawler  
  58  4:16  Overlord, Spore Crawler  
  56  4:17  Drone  
  55  4:24  Drone x3  
  55  4:25  Drone  
  55  4:28  Drone x2  
  55  4:29  Drone  
  61  4:36  Lair  
  61  4:37  Drone x2  
  63  4:39  Drone  
  63  4:44  Drone x3  
  67  4:46  Extractor  
  67  4:48  Drone, Extractor  
  67  4:49  Drone  
  67  4:50  Drone  
  67  4:51  Drone  
  67  4:52  Extractor  
  68  4:55  Overlord  
  68  4:58  Baneling Nest, Drone  
  68  4:59  Drone  
  69  5:02  Drone x2  
  69  5:06  Zergling x2  
  72  5:10  Zergling x2  
  72  5:11  Zergling x2  
  72  5:12  Queen  
  76  5:15  Zergling x6  
  76  5:20  Drone  
  80  5:21  Drone x2  
  80  5:27  Overlord x2  
  82  5:29  Zerg Melee Weapons Level 1  
  82  5:34  Spore Crawler  
  81  5:36  Drone  
  81  5:37  Hydralisk Den  
  81  5:38  Overlord  
  81  5:39  Queen  
  81  5:40  Spore Crawler  
  81  5:42  Overlord  
  80  5:43  Drone x2  
  80  5:44  Overlord  
  80  5:45  Overlord  
  80  5:48  Drone  
  80  5:49  Drone x2  
  83  5:52  Drone x3  
  83  5:55  Drone x3  
  86  6:00  Drone x3  
  88  6:04  Drone  
  88  6:07  Grooved Spines, Centrifical Hooks  
  88  6:08  Drone  
  88  6:09  Drone  
  91  6:22  Extractor  
  91  6:23  Spore Crawler  
  89  6:27  Hatchery  
  89  6:30  Hydralisk  
  89  6:31  Hydralisk x5  
  100  6:35  Hydralisk  
  102  6:43  Drone x2  
  104  6:47  Infestation Pit  
  104  6:48  Drone x6  
  104  6:49  Drone x2, Extractor  
  104  6:50  Drone  
  111  6:55  Drone x2  
  113  7:04  Overlord  
  113  7:05  Drone  
  111  7:09  Drone  
  111  7:11  Zergling x2  
  111  7:12  Overlord x2  
  113  7:17  Hatchery  
  113  7:20  Muscular Augments  
  112  7:24  Hydralisk x4  
  112  7:28  Hive  
  112  7:29  Zergling x2  
  121  7:35  Drone  
  121  7:36  Drone x6  
  128  7:43  Overlord  
  126  7:46  Drone x2  
  126  7:47  Drone x2  
  126  7:48  Drone  
  129  7:54  Drone x5  
  133  8:02  Zergling x2, Extractor  
  133  8:03  Zergling x8  
  137  8:06  Lurker Den  
  137  8:07  Zerg Melee Weapons Level 2  
  137  8:11  Baneling x9  
  137  8:12  Baneling x4  
  136  8:14  Zergling x12  
  136  8:15  Overseer  
  142  8:25  Zergling x2  
  142  8:26  Zergling x12  
  149  8:27  Spine Crawler  
  149  8:31  Spine Crawler  
  147  8:38  Zergling x2  
  147  8:39  Zergling x18  
  157  8:46  Hydralisk  
  157  8:47  Hydralisk x4  
  157  8:52  Adrenal Glands, Spire  
  156  8:56  Baneling x11  
  156  8:57  Baneling  
  156  9:04  Overlord x2  
  156  9:05  Overlord  
  156  9:16  Zergling x2  
  156  9:17  Zergling x16  
  157  9:23  Hydralisk x9  
  161  9:31  Zergling x10  
  158  9:33  Adaptive Talons  
  156  9:40  Baneling x9  
  156  9:42  Zergling x10  
  158  9:54  Lurker x2  
  160  10:00  Lurker  
  160  10:01  Zergling x28  
  160  10:02  Hatchery  
  170  10:09  Zergling x4  
  170  10:14  Hydralisk x3  
  166  10:19  Zergling x16  
  178  10:26  Zergling x2  
  178  10:27  Zergling x20  
  177  10:31  Baneling x4  
  177  10:33  Baneling x6  
  177  10:34  Baneling x10  
  177  10:40  Zergling x2  
  177  10:41  Zergling x8  
  181  10:45  Greater Spire  
  179  11:02  Hydralisk x6  
  179  11:05  Zergling x8  
  180  11:13  Overlord x2  
  180  11:14  Hydralisk x6  
  180  11:16  Baneling x5  
  180  11:18  Zergling x16  
  182  11:19  Zergling x4  
  182  11:20  Zergling x2  
  171  11:26  Zergling x2  
  171  11:27  Zergling x12  
  177  11:33  Zergling x14  
  184  11:46  Lurker  
  185  11:50  Lurker x5  
  190  11:57  Zergling x2  
  190  11:58  Zergling x18  
  199  12:06  Baneling x14  
  186  12:12  Lurker  
  185  12:20  Lurker  
Show
View Real Time Build Order
Export as new Build Order

PartinG Protoss 

Build Orders: 1 Gate Expand, Oracle Opening, Phoenix Opening, Zealot Archon 

Get SALT Encoding   

  12  0:00  Probe  
  13  0:13  Probe  
  14  0:20  Pylon  
  14  0:25  Probe  
  15  0:34  Probe  
  15  0:40  Gateway  
  15  0:42  Probe  
  16  0:48  Assimilator  
  17  0:51  Probe  
  18  0:59  Probe  
  19  1:07  Probe  
  20  1:23  Nexus  
  20  1:33  Cybernetics Core  
  20  1:40  Assimilator  
  20  1:42  Probe  
  21  1:49  Pylon  
  21  1:54  Probe  
  21  2:00  Adept  
  22  2:07  Probe  
  23  2:13  Stargate  
  25  2:19  Probe  
  25  2:20  Adept  
  26  2:25  Warp Gate  
  28  2:31  Probe  
  28  2:35  Probe  
  30  2:43  Probe  
  30  2:44  Adept  
  31  2:47  Probe  
  34  2:55  Probe  
  35  2:59  Phoenix, Probe  
  38  3:12  Gateway  
  38  3:13  Probe x2  
  38  3:16  Oracle  
  40  3:34  Assimilator  
  40  3:35  Probe  
  40  3:37  Assimilator  
  40  3:41  Probe  
  42  3:44  Pylon  
  42  3:47  Probe  
  43  3:53  Probe  
  44  4:01  Stargate  
  44  4:03  Probe  
  44  4:04  Phoenix  
  44  4:05  Probe  
  46  4:16  Pylon  
  48  4:17  Probe x2  
  48  4:21  Phoenix  
  48  4:29  Probe x2  
  50  4:32  Zealot  
  50  4:33  Zealot  
  54  4:40  Phoenix  
  54  4:41  Phoenix  
  54  4:42  Probe  
  54  4:43  Probe  
  60  4:54  Probe  
  60  4:55  Probe  
  60  4:59  Pylon  
  62  5:05  Shield Battery  
  62  5:12  Phoenix  
  62  5:17  Phoenix, Probe x2  
  62  5:20  Zealot  
  70  5:25  Pylon  
  70  5:31  Pylon  
  70  5:42  Robotics Facility  
  70  5:43  Probe x2  
  70  5:44  Twilight Council  
  72  5:54  Sentry  
  74  5:57  Nexus, Sentry  
  74  6:01  Shield Battery  
  74  6:02  Probe x2  
  78  6:12  Shield Battery  
  78  6:19  Sentry  
  78  6:21  Charge  
  78  6:23  Probe  
  78  6:24  Probe  
  82  6:30  Templar Archives  
  82  6:34  Zealot  
  82  6:37  Probe x2, Forge  
  86  6:43  Gateway  
  86  6:44  Gateway  
  86  6:51  Pylon  
  86  6:52  Pylon, Protoss Ground Weapons Level 1  
  86  6:57  Gateway  
  86  7:04  Probe  
  86  7:05  Observer  
  86  7:08  Probe  
  86  7:11  Probe  
  86  7:15  Gateway x2, High Templar  
  88  7:16  High Templar, Probe  
  88  7:19  Warp Prism  
  88  7:21  Probe  
  94  7:23  Archon  
  94  7:24  Gateway  
  94  7:26  Gateway, Probe  
  94  7:28  Probe  
  96  7:33  Probe  
  99  7:43  Gateway  
  99  7:44  Pylon  
  99  7:46  Pylon  
  99  7:49  Assimilator  
  98  7:55  High Templar x4  
  106  8:00  Assimilator, Archon  
  106  8:01  Archon  
  106  8:04  Photon Cannon  
  104  8:15  Zealot x3  
  110  8:25  Probe  
  110  8:26  Probe  
  112  8:27  Probe  
  112  8:30  Zealot x6  
  125  8:34  Protoss Ground Weapons Level 2  
  125  8:35  Zealot x3  
  131  8:44  Psionic Storm  
  129  8:48  Observer  
  129  9:05  Pylon  
  129  9:06  Probe  
  129  9:07  Pylon  
  129  9:08  Pylon  
  108  9:19  Nexus  
  108  9:20  Pylon  
  108  9:24  Zealot x8  
  100  9:30  High Templar x2  
  93  9:44  High Templar x2  
  93  9:45  High Templar x3  
  103  9:47  High Templar  
  103  9:48  Immortal  
  103  9:49  Zealot x2  
  103  9:51  Archon x2  
  103  9:52  Archon  
  113  10:03  Photon Cannon  
  113  10:04  Photon Cannon  
  113  10:05  Photon Cannon  
  113  10:06  Shield Battery  
  101  10:09  Shield Battery, Zealot  
  101  10:10  Zealot x3  
  103  10:16  Zealot x4  
  103  10:17  Zealot x5  
  108  10:22  Observer  
  108  10:26  Archon  
  103  10:30  Zealot  
  106  10:39  Zealot x7  
  106  10:40  Zealot  
  122  10:44  Observer  
  122  10:49  Zealot  
  125  10:56  Probe x2  
  127  10:57  Probe  
  120  11:09  Zealot x8  
  118  11:26  Probe x3  
  118  11:27  High Templar x2  
  125  11:34  High Templar x4, Pylon  
  125  11:35  High Templar x2  
  125  11:39  Pylon  
  137  11:56  Nexus  
  137  11:58  Pylon  
  135  12:01  High Templar x2  
  135  12:04  Pylon  
  121  12:12  Zealot x4  
  122  12:25  Archon  
  122  12:29  Archon x2  
  120  12:30  Archon  
Tags
 
Add a new tag
Caveats
  • Supply blocks, unpowered buildings, or Contaminate may cause inaccurate times.
  • Supply counts are checked every 10 seconds.